 Dungeon Crawl Stone Soup version 0.27-a0-1217-g8a41f320e8 (webtiles) character file.

Game seed: 16824825173228437738

430 bande the Chopper (level 6, -19/39 HPs)
             Began as a Gargoyle Fighter on June 6, 2021.
             Demolished by an ogre
             ... wielding a +0 giant spiked club
              (28 damage)
             ... on level 4 of the Dungeon.
             The game lasted 00:05:32 (2747 turns).

bande the Chopper (Gargoyle Fighter)                Turns: 2747, Time: 00:05:32

Health: -19/39     AC: 19    Str: 20    XL:     6   Next: 99%
Magic:  6/6        EV:  5    Int:  9    God:
Gold:   222        SH:  9    Dex: 10    Spells: 5/5 levels left

rFire    . . .     SeeInvis .   a - +0 war axe
rCold    . . .     Faith    .   c - +0 kite shield
rNeg     + . .     Spirit   .   k - +0 chain mail
rPois    ∞         Reflect  .   (no helmet)
rElec    +         Harm     .   (no cloak)
rCorr    .         Rampage  .   n - +0 pair of gloves
Will     .....                  (no boots)
Stlth    ..........             f - amulet of regeneration
HPRegen  1.13/turn              b - +4 ring of protection
MPRegen  0.10/turn              (no ring)

@: no status effects
A: sickness immunity, AC +4, negative energy resistance 1, electricity
resistance, torment resistance 1, petrification resistance
a: no special abilities


You were on level 4 of the Dungeon.
You visited 1 branch of the dungeon, and saw 4 of its levels.

You collected 222 gold pieces.

Inventory:

Hand Weapons
 a - a +0 war axe (weapon)
 m - a +3 flail
Missiles
 e - 13 atropa-tipped darts (quivered)
Armour
 c - a +0 kite shield (worn)
 k - a +0 chain mail (worn)
 n - a +0 pair of gloves (worn)
Jewellery
 b - a +4 ring of protection (left hand)
 f - an amulet of regeneration (around neck)
Potions
 d - 2 potions of might
 h - a potion of heal wounds {unknown}
 i - a potion of curing {unknown}
 j - a potion of attraction {unknown}
 l - a potion of mutation {unknown}


   Skills:
 + Level 4.5 Fighting
 + Level 4.6 Axes
 + Level 4.5 Armour
 + Level 0.6 Dodging
 - Level 0.2 Stealth
 + Level 4.4 Shields


You had 5 spell levels left.
You didn't know any spells.
Your spell library contained the following spells:

 Spells                   Type           Power      Damage    Failure   Level
 Summon Forest            Summ/Tloc      0%         N/A       100%        5
 Summon Mana Viper        Hex/Summ       0%         N/A       100%        5
 Shadow Creatures         Summ           N/A        N/A       100%        6
 Summon Hydra             Summ           0%         N/A       100%        7


Dungeon Overview and Level Annotations

Branches:
Dungeon (4/15)
 Temple: D:4-7

Altars:
Qazlal
Ru
Uskayaw
Wu Jian

Annotations:
D:4 Ijyb


Innate Abilities, Weirdness & Mutations

You are immune to sickness and miasma.
Your stone body is resilient. (AC +4)
You are immune to poison.
You resist negative energy. (rN+)
You are resistant to electric shocks. (rElec)
You are resistant to unholy torment.
You are immune to petrification.


Message History

You slash the adder!
You kill the adder!
No target in view!
No target in view!
No target in view!
No target in view!
No target in view!
o - a scroll labelled NOWKAT FAMNI
As you read the scroll labelled NOWKAT FAMNI, it crumbles to dust.
You feel strangely unstable.
It was a scroll of teleportation.
Your surroundings suddenly seem different.
A giant cockroach comes into view.
A giant cockroach is nearby!
Your shield and chain mail prevent you from hitting the giant cockroach.
The giant cockroach bites you but does no damage.
You block the giant cockroach's attack.
You barely miss the giant cockroach.
The giant cockroach bites you but does no damage.
The giant cockroach bites you.
You slash the giant cockroach!
You kill the giant cockroach!
No target in view!
No target in view!
No target in view!
No target in view!
Found a stone staircase leading down.
You now have 222 gold pieces (gained 12).
An ogre comes into view. It is wielding a +0 giant spiked club.
The ogre shouts!
You hear a shout!
Ijyb the Twisted Goblin comes into view.
She is wielding a +5 dagger of venom and carrying a wand of mindburst (14).
You hit the ogre but do no damage.
The ogre hits you with a +0 giant spiked club!!
Ouch! That really hurt!
You barely miss the ogre.
The ogre hits you with a +0 giant spiked club!
* * * LOW HITPOINT WARNING * * *
It was a potion of magic.
Magic courses through your body.
The ogre hits you with a +0 giant spiked club!!
Ouch! That really hurt!
You die...

##.#.....### ..⌠
#..####........#..
...
#....##.........>.
..
......#...........
......#....
............ ...⌠
.#... .)..........
..... ...#
##.........# ...
#O.## #.......#..
#.##@..#
.........###
#......#
.##.........
##....##
##...#.#.# ##..##
##.####.# #...#
#.##.... ##...#
#....#.. ##....#
##.####. #.....#
###.##... ##.##.#
##........


You could see an ogre.

Vanquished Creatures
  A necrophage (D:4)
  3 scorpions
  Terence (D:2)
  An iguana (D:3)
  2 adders (D:4)
  An adder skeleton (D:4)
  A worm (D:4)
  4 dart slugs
  An orc (D:3)
  6 ball pythons
  11 endoplasms
  5 giant cockroaches
  6 goblins
  7 hobgoblins
  21 jackals
  5 quokkas
  3 bats
  4 frilled lizards
  11 kobolds
  3 rats
97 creatures vanquished.

Notes
Turn   | Place    | Note
-------+----------+-------------------------------------------
     0 | D:1      | bande the Gargoyle Fighter began the quest for the Orb.
     0 | D:1      | Reached XP level 1. HP: 14/14 MP: 1/1
   271 | D:1      | Reached XP level 2. HP: 19/19 MP: 2/2
   370 | D:1      | Found a faded altar of an unknown god.
   432 | D:1      | Reached XP level 3. HP: 24/24 MP: 3/3
   861 | D:2      | Noticed Terence
   877 | D:2      | Killed Terence
   878 | D:2      | Reached XP level 4. HP: 15/29 MP: 4/4
   936 | D:2      | Found a stormy altar of Qazlal.
  1700 | D:3      | Reached XP level 5. HP: 33/33 MP: 5/5
  2287 | D:4      | Reached XP level 6. HP: 39/39 MP: 6/6
  2331 | D:4      | Noticed a +0 dagger
  2332 | D:4      | Noticed a +0 dagger
  2347 | D:4      | Found a hide-covered altar of Uskayaw.
  2417 | D:4      | Found an ornate altar of the Wu Jian Council.
  2579 | D:4      | Noticed a necrophage
  2590 | D:4      | Killed a necrophage
  2655 | D:4      | Found a sacrificial altar of Ru.
  2743 | D:4      | Noticed Ijyb
  2747 | D:4      | Demolished by an ogre

Illustrated notes

Levels and vault maps discovered:
D:1:      dpeg_arrival_round_a, layout_rooms, chequers_ecumenical_altar_grove
D:2:      layout_loops_ring, basic_altar, minmay_statues_item,
          minmay_misc_feat_rows, uniq_terence
D:3:      kennysheep_six_static_rooms, layout_loops_ring
D:4:      layout_cave_pools, lemuel_round_altar, dancing_weapons_uskayaw,
          nzn_wu_jian_contemplation, nicolae_ru_sacrificial_ziggurat,
          minmay_temple_entry_large_hall, uniq_crazy_yiuf_cottage, uniq_ijyb

Skill      XL: |  1  2  3  4  5 |
---------------+----------------+-----
Axes           | 2 3 4 |  4.6
Fighting       | 4 |  4.5
Armour         | 4 |  4.5
Shields        | 4 |  4.4
Dodging        | |  0.6
Stealth        | |  0.2

Action                   |  1- 3 |  4- 6 || total
-------------------------+-------+-------++-------
Melee: War axe           |   101 |   224 ||   325
  Use: Scroll            |       |     5 ||     5
       Potion            |       |     1 ||     1
Armor: Scale mail        |    64 |       ||    64
       Chain mail        |       |   156 ||   156
Dodge: Dodged            |    36 |    56 ||    92
Block: Kite shield       |    62 |   122 ||   184

Table legend: (Time is in decaauts)
 A = Elapsed time spent in this place.
 B = Non-inter-level travel time spent in this place.
 C = Inter-level travel time spent in this place.
 D = Time resting spent in this place.
 E = Time spent auto-exploring this place.
 F = Levels seen in this place.
 G = Mean time per level.
                   A        B        C        D        E       F      G
               +--------+--------+--------+--------+--------+-----+--------+
         Total |   2933 |   2913 |     20 |     25 |   1973 |   4 |  733.2 |
       Dungeon |   2933 |   2913 |     20 |     25 |   1973 |   4 |  733.2 |
               +--------+--------+--------+--------+--------+-----+--------+

Top non-repeatable levels by time:
     D:3: 914 daAuts
     D:1: 765 daAuts
     D:2: 738 daAuts
     D:4: 515 daAuts
